Map: Blackpink LE

Players

fruitcake - Winner!

  • Race: Terran Terran
  • Spawn Location: 1:00

ThorScream

  • Race: Terran Terran
  • League: Gold
  • Spawn Location: 7:00

VOD

Have the link to the VOD?

Description

Time

  • Played on: May 10, 2018, 5:58 p.m.
  • Length: 17:13
Show
View Real Time Build Order
Export as new Build Order

fruitcake Terran - Winner!

Build Orders:  

Get SALT Encoding   

  12  0:00  SCV  
  13  0:17  SCV  
  14  0:25  Supply Depot  
  14  0:28  Refinery  
  14  0:30  SCV  
  15  0:47  SCV  
  16  0:59  SCV, Barracks  
  17  1:11  SCV  
  17  1:23  SCV  
  17  1:24  Barracks  
  18  1:32  Refinery  
  18  1:35  SCV  
  19  1:47  SCV  
  19  1:53  Barracks Reactor  
  20  1:59  SCV  
  20  2:00  Supply Depot  
  21  2:11  SCV  
  22  2:17  Factory  
  22  2:23  SCV  
  22  2:26  Barracks Reactor  
  22  2:29  Marine x2  
  25  2:36  Orbital Command  
  25  2:58  Command Center  
  25  3:05  Factory Tech Lab  
  25  3:06  Marine  
  25  3:07  Marine  
  25  3:10  Marine  
  28  3:21  Engineering Bay  
  28  3:22  Marine  
  28  3:24  Marine  
  30  3:30  Marine  
  31  3:38  Supply Depot  
  31  3:42  Supply Depot  
  31  4:00  Marine x4  
  35  4:05  Terran Infantry Weapons Level 1  
  35  4:17  Marine x4  
  39  4:26  SCV x2  
  41  4:35  Marine x4  
  45  4:38  SCV x2  
  45  4:40  Siege Tank  
  50  4:50  SCV  
  50  4:51  SCV  
  52  4:54  Missile Turret  
  52  4:57  Missile Turret  
  52  5:02  SCV  
  52  5:03  SCV, Marine  
  52  5:06  Marine  
  56  5:07  Marine  
  54  5:15  SCV  
  54  5:20  SCV  
  56  5:25  Siege Tank  
  56  5:27  SCV  
  60  5:32  SCV  
  60  5:33  Barracks  
  61  5:37  Barracks  
  61  5:39  SCV  
  61  5:42  Refinery  
  62  5:45  Refinery  
  62  5:51  Supply Depot  
  62  6:12  SCV x2, Siege Tank  
  67  6:23  Marine x2  
  67  6:24  Marine  
  70  6:30  Terran Infantry Armor Level 1  
  70  6:39  Barracks Tech Lab  
  70  6:40  Barracks Reactor  
  70  7:06  Supply Depot  
  70  7:16  Marine x2, SCV  
  70  7:17  Marine  
  70  7:19  SCV  
  70  7:27  Marine x2  
  70  7:28  SCV, Siege Tank  
  76  7:31  SCV  
  76  7:33  Marine  
  76  7:34  Marine  
  76  7:36  Marauder  
  71  7:40  Marine x2, SCV  
  71  7:43  SCV  
  61  7:45  Marine x2  
  61  7:50  Starport  
  63  7:51  Marine  
  63  7:52  Marine, SCV  
  63  7:57  Marauder  
  63  7:58  Marine x2  
  70  8:00  Siege Tank  
  70  8:03  Marine x2  
  75  8:09  Marine  
  76  8:13  Command Center  
  76  8:19  Marauder  
  78  8:25  Refinery  
  78  8:31  Refinery  
  78  8:32  Marine x2, Siege Tank  
  83  8:34  Supply Depot x2  
  83  8:35  Starport Reactor  
  83  8:40  Marauder  
  82  8:58  Marine x3  
  82  8:59  Marine  
  82  9:01  Marauder  
  88  9:04  Marine x2, Siege Tank  
  93  9:16  Marine  
  94  9:17  Sensor Tower  
  94  9:19  SCV x2  
  94  9:23  Marauder  
  98  9:31  SCV x2  
  89  9:36  Siege Tank  
  91  9:42  Marine  
  91  9:43  Marine x5, SCV x2  
  91  9:44  Marauder  
  101  9:55  SCV  
  102  10:00  Marine x2  
  102  10:01  Marine x4  
  102  10:06  Armory, Marauder  
  110  10:08  Siege Tank  
  110  10:10  Supply Depot  
  113  10:15  Planetary Fortress  
  113  10:18  Marine x2  
  115  10:26  Stimpack  
  115  10:27  Marauder  
  117  10:31  Medivac x2  
  121  10:40  Siege Tank  
  124  10:42  Supply Depot  
  124  10:44  Supply Depot  
  124  10:58  Marauder  
  124  11:01  Medivac x2  
  97  11:13  Marine x3, Siege Tank  
  97  11:19  Marauder  
  92  11:33  Marine x5  
  92  11:34  Marine  
  96  11:40  Marauder  
  95  11:49  Liberator x2  
  95  11:50  Marine  
  95  11:51  Marine x5  
  101  11:54  SCV  
  101  11:57  Terran Infantry Weapons Level 2  
  102  12:02  Marauder  
  102  12:03  Missile Turret  
  102  12:06  SCV  
  111  12:08  Marine x2  
  111  12:09  Marine x4  
  111  12:13  SCV  
  119  12:19  SCV, Orbital Command  
  119  12:23  Marauder  
  119  12:26  Marine x3  
  119  12:27  Marine x3, Concussive Shells  
  127  12:31  SCV  
  127  12:32  Liberator x2, Terran Vehicle Weapons Level 1  
  127  12:34  Thor  
  134  12:41  Command Center, Supply Depot  
  134  12:43  SCV  
  135  12:44  Marauder  
  135  12:48  Supply Depot  
  143  12:52  Supply Depot  
  143  13:10  Combat Shields  
  143  13:14  Liberator  
  143  13:15  SCV x2  
  143  13:16  SCV  
  146  13:26  Starport  
  146  13:34  Missile Turret  
  149  13:39  Marine x3, Marauder  
  149  13:41  Marine x2  
  156  13:50  Refinery  
  156  13:54  Refinery  
  156  13:56  Sensor Tower  
  156  13:57  SCV  
  156  13:58  SCV  
  156  13:59  SCV  
  156  14:01  SCV, Marauder  
  156  14:02  Missile Turret, Starport  
  162  14:08  Marine  
  162  14:09  Marine x2  
  165  14:10  Thor  
  165  14:12  Terran Infantry Armor Level 2  
  165  14:14  Sensor Tower, Marine  
  165  14:15  Marine x2  
  174  14:22  SCV, Marauder  
  177  14:26  Marine, Terran Vehicle And Ship Armor Level 1  
  177  14:30  Marine x2  
  180  14:32  Marine x2  
  180  14:34  SCV  
  180  14:37  Supply Depot  
  180  14:38  Medivac x2  
  187  14:41  Supply Depot  
  187  14:50  Orbital Command  
  187  14:58  Thor  
  187  14:59  Marauder  
  195  15:02  Starport Tech Lab, Starport Reactor  
  195  15:06  Starport Tech Lab  
  195  15:10  Medivac x2  
  185  15:57  Marine  
  185  15:58  Marine x2, Marauder  
  189  16:29  Supply Depot x2  
  189  16:32  Supply Depot  
  189  16:34  Marine x3  
  189  16:36  Marine  
  189  16:39  Marine  
  189  16:41  Marine  
  189  16:48  Marauder  
  189  16:52  Marine x3  
  184  16:54  Marine  
Show
View Real Time Build Order
Export as new Build Order

ThorScream Terran 

Build Orders:  

Get SALT Encoding   

  12  0:02  SCV  
  13  0:16  Supply Depot  
  13  0:18  SCV  
  14  0:30  SCV  
  15  0:37  Refinery  
  15  0:42  Barracks  
  15  0:47  SCV  
  16  0:59  SCV  
  17  1:11  SCV  
  18  1:32  Barracks Tech Lab  
  18  1:37  Barracks  
  18  1:44  Refinery  
  18  1:59  Command Center  
  18  2:04  Marauder  
  20  2:09  Concussive Shells  
  20  2:25  Marine  
  20  2:28  SCV  
  22  2:40  SCV, Barracks Reactor  
  23  2:51  Combat Shields  
  23  2:53  Supply Depot  
  23  3:11  Marauder  
  25  3:29  Marine x2  
  25  3:32  Marauder  
  29  3:34  Supply Depot  
  29  3:42  Factory  
  29  3:50  SCV  
  29  3:53  Marine  
  31  4:02  SCV  
  32  4:08  SCV  
  32  4:09  Bunker  
  33  4:14  SCV  
  34  4:17  Marauder  
  34  4:19  Marine  
  34  4:20  SCV  
  38  4:26  SCV  
  39  4:34  Refinery, Orbital Command  
  39  4:38  Factory Tech Lab  
  39  4:57  Siege Tank  
  42  5:02  Engineering Bay  
  42  5:26  Marauder  
  44  5:29  Siege Tank  
  44  5:34  Terran Infantry Weapons Level 1  
  47  5:40  Supply Depot  
  47  5:46  Marine x2  
  49  5:51  SCV  
  50  6:01  Siege Tank  
  50  6:03  SCV  
  50  6:04  Marine x2  
  54  6:07  Starport  
  56  6:15  SCV  
  56  6:17  Armory  
  57  6:27  SCV  
  57  6:32  Missile Turret  
  58  6:39  SCV  
  59  6:43  Marine x2  
  59  6:46  Marauder  
  63  6:48  Medivac  
  63  6:51  SCV  
  66  6:54  Missile Turret  
  66  6:58  Missile Turret  
  66  7:01  Siege Tank  
  69  7:03  Marine  
  70  7:18  Missile Turret  
  70  7:20  Missile Turret  
  66  7:48  Medivac  
  68  7:54  Starport  
  68  7:59  Marine  
  68  8:00  Marine  
  68  8:01  Command Center  
  70  9:00  Starport Tech Lab  
  70  9:12  Marine x2, Medivac  
  70  9:13  SCV  
  75  9:17  Refinery  
  72  9:25  SCV  
  72  9:30  Marine x2  
  49  9:42  SCV  
  50  9:48  Marine x2  
  50  9:49  Marauder  
  54  9:53  Thor  
  54  9:54  SCV  
  54  9:56  Medivac  
  63  10:00  Banshee  
  63  10:06  Marine x2  
  68  10:11  Marauder  
  70  10:24  Marine x2  
  70  10:27  Medivac  
  74  10:32  Marauder  
  76  10:35  Thor  
  76  10:41  Marine x2  
  84  10:43  Banshee  
  84  10:48  Planetary Fortress  
  87  10:53  Marauder  
  89  10:59  Marine x2  
  69  11:15  Marauder  
  59  11:19  Siege Tank  
  57  11:36  Marauder  
  48  11:41  Banshee  
  51  11:51  SCV, Siege Tank  
  55  11:58  Marauder  
  57  12:03  SCV  
  57  12:07  Bunker  
  58  12:15  SCV  
  58  12:19  Medivac, Marauder  
  63  12:23  Siege Tank, Banshee  
  63  12:25  Marine x2  
  63  12:27  SCV  
  72  12:37  Command Center  
  72  12:40  SCV, Bunker  
  72  12:43  Marine x2  
  75  12:54  Terran Vehicle And Ship Armor Level 1, Supply Depot  
  75  12:55  Siege Tank  
  78  13:01  Marine x2  
  80  13:06  Banshee  
  83  13:17  Supply Depot  
  83  13:19  Marine x2  
  85  13:27  Siege Tank  
  88  13:35  Marauder  
  88  13:36  Marine x2  
  92  13:49  Banshee  
  92  13:50  Liberator  
  92  13:52  Ghost Academy  
  92  13:54  Marine x2  
  97  13:56  Marauder  
  102  14:12  Marine x2  
  104  14:18  Marauder  
  106  14:32  Banshee  
  106  14:33  Liberator  
  109  14:39  Marauder  
  111  14:48  Terran Vehicle Weapons Level 1  
  114  14:56  Marine  
  114  14:57  Marine  
  116  15:00  Marauder  
  118  15:14  Marine x2  
  118  15:15  Banshee  
  123  15:32  Marine  
  123  15:35  Liberator  
  124  15:44  Marine  
  123  15:50  Marine  
  123  15:52  Marauder  
  96  16:02  Marine  
  67  16:06  Siege Tank  
  70  16:14  Marauder  
  72  16:19  Refinery  
  72  16:22  Refinery  
  72  16:35  Marauder  
  72  16:38  Siege Tank  
Tags
 
League
Gold
Matchup
TvT
Race
Terran
Spawn Locations
Cross Positions
Add a new tag
Caveats
  • Supply blocks, unpowered buildings, or Contaminate may cause inaccurate times.
  • Supply counts are checked every 10 seconds.